 Dungeon Crawl Stone Soup version 0.27.0-1-g7a089689b8 (webtiles) character file.

Game seed: 16168938176517421607

191 SnakkuSnakku7 the Skirmisher (level 5, -1/54 HPs)
             Began as an Ogre Delver on Aug 6, 2021.
             Splashed by Ijyb's acid (8 damage)
             ... on level 3 of the Dungeon.
             The game lasted 00:05:35 (1848 turns).

SnakkuSnakku7 the Skirmisher (Ogre Delver)          Turns: 1848, Time: 00:05:38

Health: -1/54      AC: -1    Str: 17      XL:     5   Next: 70%
Magic:  0/5        EV:  9    Int: 10 (11) God:
Gold:   40         SH:  0    Dex:  9 (10) Spells: 2/4 levels left

rFire    . . .     SeeInvis .   a - +0 mace
rCold    . . .     Faith    .   (no shield)
rNeg     . . .     Spirit   .   b - +0 robe
rPois    .         Reflect  .   (helmet restricted)
rElec    .         Harm     .   (no cloak)
rCorr    .         Rampage  .   (gloves unavailable)
Will     .....                  (boots unavailable)
Stlth    ++........             (no amulet)
HPRegen  0.18/turn              (no ring)
MPRegen  0.09/turn              (no ring)

@: corroded
A: large, unfitting armour, tough skin 1
a: no special abilities


You were on level 3 of the Dungeon.
You visited 1 branch of the dungeon, and saw 3 of its levels.

You collected 40 gold pieces.

Inventory:

Hand Weapons
 a - a +0 mace (weapon)
 e - a +0 giant spiked club
Armour
 b - a +0 robe (worn)
Scrolls
 c - a scroll of fog
 d - a scroll of magic mapping
 g - a scroll of enchant weapon


   Skills:
 - Level 4.0 Fighting
 - Level 3.7 Maces & Flails
 - Level 1.7 Dodging
 - Level 3.7 Stealth
 + Level 2.2 Air Magic
 + Level 2.2 Poison Magic


You had 2 spell levels left.
You knew the following spells:

 Your Spells              Type           Power      Damage    Failure   Level
a - Poisonous Vapours     Pois/Air       8%         N/A       22%         2

Your spell library contained the following spells:

 Spells                   Type           Power      Damage    Failure   Level
 Corpse Rot               Necr/Air       N/A        N/A       36%         2
 Summon Guardian Golem    Hex/Summ       0%         N/A       75%         3
 Freezing Cloud           Conj/Ice/Air   0%         6-21      100%        5
 Orb of Destruction       Conj           0%         N/A       100%        7
 Spellforged Servitor     Conj/Summ      0%         N/A       100%        7


Dungeon Overview and Level Annotations

Branches:
Dungeon (5/15)
 Temple: D:4-7

Altars:
Kikubaaqudgha

Annotations:
D:3 Ijyb, Sigmund


Innate Abilities, Weirdness & Mutations

You are too large for most types of armour.
You have tough skin. (AC +1)


Message History

Unknown command.
Unknown command.
The hobgoblin hits you. Ijyb hits you with a +0 dagger. The hobgoblin hits you.
Ijyb hits you with a +0 dagger.
The ball python hisses angrily.
You are no longer corroded.
The hobgoblin shouts!
Ijyb screams, "Level is mine!
All mine!"
Casting: Poisonous Vapours (safe; 22% risk of failure)
Confirm with . or Enter, or press ? or * to list all spells.
Aiming: Poisonous Vapours (safe; 22% risk of failure)
Press: ? - help, Dir - move target, f/p - Ijyb
Aim: Ijyb, wielding a +0 dagger, wearing a +0 leather armour and carrying a wand of acid (8) (severely wounded) Poisonous vapours surround Ijyb!
Ijyb is poisoned.
Unknown command.
The ball python barely misses you.
Casting: Poisonous Vapours (safe; 22% risk of failure)
Confirm with . or Enter, or press ? or * to list all spells.
You don't have enough magic to cast this spell.
Unknown command.
You closely miss the ball python. The ball python bites you.
Ijyb looks more healthy.
Ijyb zaps a wand.
The bolt of acid misses you. The ball python barely misses you.
Ijyb screams, "It's all mine!"
Casting: Poisonous Vapours (safe; 22% risk of failure)
Confirm with . or Enter, or press ? or * to list all spells.
Aiming: Poisonous Vapours (safe; 22% risk of failure)
Press: ? - help, Dir - move target, f/p - Ijyb
Aim: Ijyb, wielding a +0 dagger, wearing a +0 leather armour and carrying a wand of acid (7) (almost dead) Poisonous vapours surround Ijyb!
Ijyb is poisoned.
The ball python bites you.
The ball python bites you but does no damage.
Unknown command.
Ijyb zaps a wand.
The bolt of acid hits the ball python!!
The ball python is splashed with acid.
The ball python dies!
The bolt of acid hits you!
* * * LOW HITPOINT WARNING * * *
The acid corrodes you!
You are splashed with acid!
You die...

.......# .......# .......#
### ..... .......# #..
..... .......# #.#......
.......# #.#..... .......#
#.#...# .......#
#####.....# .......#
#...@.....# ########
#.........#
#############.........#
.g....................#
.......#....g.#########...#
...g...#...g..# #..#
...g...#...g..# #######..#
.......#......# .........#
# .......#......#
.........#.#


You could see Ijyb (poisoned) and 2 hobgoblins.

Vanquished Creatures
  An ogre (D:3)
  A vampire bat (D:4)
  3 gnolls (D:3)
  An adder (D:3)
  A worm (D:4)
  4 orcs (D:3)
  6 bat skeletons (D:4)
  A bat zombie (D:4)
  A goblin (D:4)
  2 jackals (D:4)
  A kobold (D:3)
  A quokka (D:4)
  A bat (D:3)
24 creatures vanquished.

Vanquished Creatures (others)
  A ball python (D:3)
1 creature vanquished.

Grand Total: 25 creatures vanquished

Notes
Turn   | Place    | Note
-------+----------+-------------------------------------------
     0 | D:5      | SnakkuSnakku7 the Ogre Delver began the quest for the Orb.
     0 | D:5      | Reached XP level 1. HP: 24/24 MP: 1/1
   198 | D:4      | Reached XP level 2. HP: 32/32 MP: 2/2
   330 | D:4      | Found an ancient bone altar of Kikubaaqudgha.
   330 | D:4      | Noticed a vampire bat
   367 | D:4      | Killed a vampire bat
   368 | D:4      | Reached XP level 3. HP: 12/39 MP: 3/3
   778 | D:3      | Learned a level 2 spell: Poisonous Vapours
   783 | D:3      | Reached XP level 4. HP: 45/48 MP: 4/4
   785 | D:3      | Noticed Sigmund
   788 | D:3      | Noticed an ogre
   950 | D:3      | Killed an ogre
   951 | D:3      | Reached skill level 1 in Air Magic
   951 | D:3      | Reached skill level 1 in Poison Magic
   951 | D:3      | Reached XP level 5. HP: 16/54 MP: 0/5
  1787 | D:3      | Noticed Ijyb
  1848 | D:3      | Splashed by Ijyb's acid

Illustrated notes

Levels and vault maps discovered:
D:3:      minmay_door_path, layout_basic, uniq_ijyb, uniq_sigmund, uniq_jessica
D:4:      layout_gridville, kennysheep_vampire_church,
          nicolae_qazlal_style_of_elements, gammafunk_temple_overflow_statue
D:5:      layout_rooms, marbit_many_paths, uniq_duvessa

Skill      XL: |  1  2  3  4  5 |
---------------+----------------+-----
Maces & Flails | 2 3 |  3.7
Air Magic      | 1 2 |  2.2
Poison Magic   | 1 2 |  2.2
Fighting       | |  4.0
Dodging        | |  1.7
Stealth        | |  3.7

Action                   |  1- 3 |  4- 6 || total
-------------------------+-------+-------++-------
Melee: Mace              |    63 |    43 ||   106
       Giant spiked club |       |    13 ||    13
 Cast: Poisonous Vapours |       |     8 ||     8
Evoke: Wand              |       |     3 ||     3
  Use: Scroll            |       |     3 ||     3
       Potion            |       |     2 ||     2
Armor: Robe              |    55 |     8 ||    63
Dodge: Dodged            |    69 |    35 ||   104
